 Dungeon Crawl Stone Soup version 0.19.0-11-g3fc08b3 (webtiles) character file.

141 tomat the Bolt Thrower (level 4, -9/37 HPs)
             Began as a Demigod Wanderer on Nov 9, 2016.
             Mangled by Sigmund
             ... wielding a +2 scythe of freezing
              (15 damage)
             ... on level 2 of the Dungeon.
             The game lasted 00:11:51 (1462 turns).

tomat the Bolt Thrower (Demigod Wanderer)           Turns: 1462, Time: 00:11:52

Health: -9/37      AC:  7    Str: 18    XL:     4   Next: 73%
Magic:  6/6        EV: 11    Int: 13    God:
Gold:   29         SH:  0    Dex: 17    Spells: 0 memorised, 3 levels left

rFire  . . .     SeeInvis .     a - +2 hand crossbow
rCold  . . .     Gourm    .     e - +0 robe
rNeg   . . .     Faith    .     (no shield)
rPois  .         Spirit   .     i - +0 helmet
rElec  .         Reflect  .     p - +0 cloak
rCorr  .         Harm     .     (no gloves)
MR     .....                    h - +2 pair of boots
Stlth  ++........               (no amulet)
                                (no ring)
                                (no ring)

@: no status effects
A: high mp 1
a: no special abilities


You were on level 2 of the Dungeon.
You were not hungry.

You visited 1 branch of the dungeon, and saw 2 of its levels.

You collected 29 gold pieces.

Inventory:

Hand Weapons
 a - a +2 hand crossbow (weapon)
 o - a +3 quarterstaff of chaos
Missiles
 b - 20 bolts (quivered)
Armour
 e - a +0 robe (worn)
 h - a +2 pair of boots (worn)
 i - a +0 helmet (worn)
 p - a +0 cloak (worn)
Scrolls
 j - a scroll of identify
 k - 2 scrolls of enchant weapon
 m - 3 scrolls of noise {unknown}
Potions
 c - 2 potions of curing
Comestibles
 d - a royal jelly
 f - a bread ration
 g - 2 beef jerkies


   Skills:
 + Level 2.5 Fighting
   Level 2.6 Short Blades
 + Level 4.7 Crossbows
 + Level 1.0 Throwing
 + Level 0.3 Dodging
 + Level 0.2 Stealth
   Level 1.0 Shields


You had 3 spell levels left.
You didn't know any spells.

Dungeon Overview and Level Annotations

Branches:
Dungeon (2/15)

Annotations:
D:2 Sigmund


Innate Abilities, Weirdness & Mutations

You have an increased reservoir of magic. (+10% MP)


Message History

Sigmund freezes you.
You feel less confused.
Sigmund hits you with a scythe of freezing.
Sigmund freezes you.
You see here a bolt.
Firing (i - inventory):
b - 21 bolts (quivered)
Press: ? - help, Shift-Dir - straight line, f/p - Sigmund
Aim: Sigmund, wielding a scythe of freezing and wearing a robe (heavily wounded)
You shoot a bolt. The bolt hits Sigmund.
Sigmund is severely wounded.
Sigmund hits you from afar with a scythe of freezing!
* * * LOW HITPOINT WARNING * * *
Sigmund freezes you.
* * * LOW HITPOINT WARNING * * *
You see here a bolt.
As you read the scroll labeled QUOBAP LENUXT, it crumbles to dust.
It is a scroll of enchant weapon.
Your +2 quarterstaff of chaos glows red for a moment.
Sigmund hits you from afar with a scythe of freezing!
You die...

#.....).)........#
#......))........#
#.....)..........# #######
#.....)..........#### .......
#...........)........ #####.
#................### ##..
##.>............## ###..#
###......#...(.####
######...## #
######.###....@.#####......###
## #.##.......@##...###### .##
#.#.........(..### ..##
#.#..........(###.@. ...##
##.#....<......(((.#
....###..#..................
##....#.##..........########
##..#.....#...>....##
..#.#...#.....(.....#


You could see Sigmund.

Vanquished Creatures
  Crazy Yiuf (D:2)
  Robin (D:2)
  4 adders (D:2)
  A gnoll (D:1)
  A dart slug (D:2)
  3 leopard geckos (D:2)
  16 goblins
  7 hobgoblins
  8 kobolds
  A ball python (D:2)
  5 bats
  4 frilled lizards
  3 rats
55 creatures vanquished.

Notes
Turn   | Place    | Note
-------+----------+-------------------------------------------
     0 | D:1      | tomat the Demigod Wanderer began the quest for the Orb.
     0 | D:1      | tomat set off with: a +2 hand crossbow, 27 bolts, a potion of curing, a scroll of teleportation, a +0 robe, a bread ration
     0 | D:1      | Reached XP level 1. HP: 17/17 MP: 3/3
   133 | D:1      | Reached skill level 3 in Crossbows
   133 | D:1      | Reached XP level 2. HP: 24/24 MP: 4/4
   660 | D:2      | Reached XP level 3. HP: 26/29 MP: 5/5
   735 | D:2      | Noticed Robin
   740 | D:2      | Killed Robin
   740 | D:2      | Reached skill level 4 in Crossbows
   858 | D:2      | Reached XP level 4. HP: 25/37 MP: 6/6
   922 | D:2      | Found a faded altar of an unknown god.
   945 | D:2      | Found a runed door.
   949 | D:2      | Noticed Crazy Yiuf
  1244 | D:2      | Killed Crazy Yiuf
  1443 | D:2      | Noticed Sigmund
  1462 | D:2      | Mangled by Sigmund

Skill      XL: |  1  2  3 |
---------------+----------+-----
Crossbows      | 3 4 |  4.7
Fighting       | 2 |  2.5
Short Blades   | |  2.6
Throwing       | |  1.0
Dodging        | |  0.3
Stealth        | |  0.2
Shields        | |  1.0

Action                   |  1- 3 |  4- 6 || total
-------------------------+-------+-------++-------
Melee: Spear             |     2 |       ||     2
       Quarterstaff      |       |     1 ||     1
 Fire: Hand crossbow     |    78 |    39 ||   117
  Use: Scroll            |     1 |     4 ||     5
       Potion            |     1 |     1 ||     2
 Stab: Distracted        |       |     1 ||     1
  Eat: Bread ration      |       |     1 ||     1
Armor: Robe              |     9 |     4 ||    13
       Skin              |     4 |       ||     4
Dodge: Dodged            |    21 |     3 ||    24
